 Dungeon Crawl Stone Soup version 0.28.0-45-g0d030f2227 (webtiles) character file.

Game seed: 9618737955518304045

35 Kaptain the Digger (level 3, 0/20 HPs)
             Began as a Gargoyle Earth Elementalist on Apr 13, 2022.
             Slain by an orc
             ... wielding a +0 flail
              (3 damage)
             ... on level 3 of the Dungeon.
             The game lasted 00:03:49 (1585 turns).

Kaptain the Digger (Gargoyle Earth Elementalist)    Turns: 1585, Time: 00:03:49

Health: 0/20       AC:  7    Str: 11    XL:     3   Next: 35%
Magic:  2/6        EV: 12    Int: 17    God:
Gold:   64         SH:  0    Dex: 10    Spells: 2/6 levels left

rFire   . . .      SeeInvis .   g - +0 hand axe
rCold   . . .      Faith    .   (no shield)
rNeg    + . .      Spirit   .   b - +0 robe
rPois   ∞          Reflect  .   k - +0 helmet
rElec   +          Harm     .   d - +0 cloak
rCorr   .          Rampage  .   (no gloves)
Will    +....                   (no boots)
Stlth   ++........              a - amulet of the acrobat
HPRegen 0.06/turn               e - ring of willpower
MPRegen 0.10/turn               (no ring)

@: very slightly contaminated
A: sickness immunity, AC +3, negative energy resistance 1, electricity
resistance, torment resistance 1, petrification resistance
a: no special abilities


You were on level 3 of the Dungeon.
You visited 1 branch of the dungeon, and saw 3 of its levels.

You collected 64 gold pieces.

Inventory:

Hand Weapons
 g - a +0 hand axe (weapon)
Missiles
 c - 100 stones
Armour
 b - a +0 robe (worn)
 d - a +0 cloak (worn)
 k - a +0 helmet (worn)
Jewellery
 a - an amulet of the acrobat (around neck)
 e - a ring of willpower (left hand)
Scrolls
 f - a scroll of identify {unknown}
 h - 3 scrolls of blinking {unknown}
 j - a scroll of enchant weapon {unknown}
 l - a scroll of vulnerability {unknown}
Potions
 i - a potion of heal wounds {unknown}


   Skills:
 * Level 1.1 Fighting
 + Level 0.5 Armour
 + Level 1.8 Dodging
 - Level 2.1 Stealth
 * Level 2.2 Spellcasting
 * Level 1.0 Conjurations
 - Level 0.7 Transmutations
 * Level 4.1 Earth Magic


You had 2 spell levels left.
You knew the following spells:

 Your Spells              Type           Power      Damage    Failure   Level
a - Sandblast             Erth           32%        2d9       3%          1
b - Stone Arrow           Conj/Erth      20%        3d8       19%         3

Your spell library contained the following spells:

 Spells                   Type           Power      Damage    Failure   Level
 Passwall                 Tmut/Erth      8%         N/A       11%         2
 Petrify                  Tmut/Erth      10%        N/A       56%         4
 Metabolic Englaciation   Hex/Ice        0%         N/A       99%         5
 Statue Form              Tmut/Erth      Unusable   N/A       N/A         6

Dungeon Overview and Level Annotations

Branches:
Dungeon (3/15)

Altars:
Dithmenos


Innate Abilities, Weirdness & Mutations

You are immune to sickness and miasma.
Your stone body is resilient. (AC +3)
You are immune to poison.
You resist negative energy. (rN+)
You are resistant to electric shocks. (rElec)
You are resistant to unholy torment.
You are immune to petrification.


Message History

The orc is severely wounded.
The orc wizard gestures at you while chanting.
You resist with almost no effort.
Casting: Sandblast (safe; 3% risk of failure)
Confirm with . or Enter, or press ? or * to list all spells.
Aiming: Sandblast (safe; 3% risk of failure)
Press: ? - help, Shift-Dir - straight line, f/p - orc
Aim: an orc, wielding a +0 short sword and wearing a +0 leather armour (severely wounded, 79% to hit)
The blast of sand hits the orc.
You kill the orc!
Unknown command.
Casting: Sandblast (safe; 3% risk of failure)
Confirm with . or Enter, or press ? or * to list all spells.
Aiming: Sandblast (safe; 3% risk of failure)
Press: ? - help, Shift-Dir - straight line, f - orc
Aim: an orc, wielding a +0 club (79% to hit)
You miscast Sandblast.
You are very lightly contaminated with residual magic.
Nothing appears to happen.
The orc barely misses you.
Unknown command.
You hit the orc wizard.
The orc wizard is moderately wounded.
You barely miss the orc. The orc barely misses you.
The orc wizard hits you but does no damage.
Unknown command.
You hit the orc wizard.
The orc wizard is heavily wounded.
You hit the orc. You closely miss the orc. The orc hits you with a +0 club.
The orc wizard hits you but does no damage.
The orc hits you with a +0 flail. The orc hits you with a +0 club.
Unknown command.
You miss the orc wizard.
The orc wizard is heavily wounded.
You hit the orc but do no damage. You hit the orc.
The orc wizard points at you and mumbles some strange words.
The puff of flame hits you!
Ouch! That really hurt!
* * * LOW HITPOINT WARNING * * *
The orc hits you with a +0 flail.
You die...

.....†.## ....
........##..#.#
.###.....#..#.#
.###.......##.###
.......<.........
...............##
............#...##
..##..##.#.......####.#
.# #..##.#......@o....#
####...#.#...#..oo.....#
..........###.#.#......
.....>....# #.#.#.....[
.........## ....# .....
..........# #..##. ..###
.........# #..# . ##
.........# #... .#
###.......


You could see an orc wizard and 2 orcs.

Vanquished Creatures
  A worm (D:3)
  A dart slug (D:1)
  An orc (D:3)
  3 ball pythons
  3 endoplasms
  3 giant cockroaches
  2 goblins (D:1)
  3 hobgoblins
  2 jackals (D:1)
  A quokka (D:3)
  A bat (D:2)
  2 frilled lizards (D:1)
  2 kobolds (D:1)
  2 rats (D:1)
27 creatures vanquished.

Notes
Turn   | Place    | Note
-------+----------+-------------------------------------------
     0 | D:1      | Kaptain the Gargoyle Earth Elementalist began the quest for
                  | the Orb.
     0 | D:1      | Reached XP level 1. HP: 10/10 MP: 3/3
   118 | D:1      | Reached XP level 2. HP: 16/16 MP: 3/5
  1033 | D:2      | Reached skill level 4 in Earth Magic
  1107 | D:2      | Reached XP level 3. HP: 20/20 MP: 6/6
  1128 | D:2      | Reached skill level 1 in Fighting
  1128 | D:2      | Reached skill level 1 in Conjurations
  1290 | D:2      | Found a shadowy altar of Dithmenos.
  1561 | D:3      | Learned a level 3 spell: Stone Arrow
  1585 | D:3      | Slain by an orc

Illustrated notes

Levels and vault maps discovered:
D:1:      wander_arrival_fairy_ring, layout_loops_cross
D:2:      layout_basic, basic_altar
D:3:      layout_rooms, hellmonk_ecumenical_altar_arch_garden, serial_shops,
          shop

Skill      XL: |  1  2  3 |
---------------+----------+-----
Earth Magic    | 4 |  4.1
Fighting       | 1 |  1.1
Conjurations   | 1 |  1.0
Armour         | |  0.5
Dodging        | |  1.8
Stealth        | |  2.1
Spellcasting   | |  2.2
Transmutations | |  0.7

Action                   || total
-------------------------++-------
Melee: Unarmed           ||     3
       Hand axe          ||    36
       Punch             ||     2
 Cast: Sandblast         ||    19
Armor: Robe              ||    20
Dodge: Dodged            ||    31
